 Dungeon Crawl Stone Soup version 0.17.1-1-g73c8601 (webtiles) character file.

10423 abixa the Quickloader (level 11, 0/99 (102) HPs)
             Began as a Minotaur Hunter on Dec 26, 2015.
             Was a High Priest of Okawaru.
             Slain by a black mamba (15 damage)
             ... on level 1 of the Lair of Beasts.
             The game lasted 00:56:54 (12705 turns).

abixa the Quickloader (Minotaur Hunter)            Turns: 12705, Time: 00:56:54

HP:   0/99 (102)    AC:  6    Str: 17    XL:     11   Next: 36%
MP:   10/10         EV: 17    Int:  8    God:    Okawaru [*****.]
Gold: 463           SH:  3    Dex: 14    Spells: 0 memorised, 10 levels left

rFire  + . .     SeeInvis .     a - +1 hand crossbow
rCold  + . .     Clarity  .     X - +0 leather armour of Exej {rPois rF+ rN+}
rNeg   + . .     SustAt   .     y - +0 buckler
rPois  +         Gourm    .     Z - +1 hat
rElec  .         Spirit   .     e - +0 cloak
rCorr  .         Warding  .     w - +0 pair of gloves
rMut   .         Stasis   .     (no boots)
MR     .....                    D - amulet of faith
Stlth  +.........               q - ring of ice
                                Y - ring of protection from fire

@: starving, not resistant to hostile enchantments, very unstealthy
A: retaliatory headbutt, horns 2
a: Heroism, Finesse, Renounce Religion


You were on level 1 of the Lair of Beasts.
You worshipped Okawaru.
Okawaru was extremely pleased with you.
You were starving.

You visited 3 branches of the dungeon, and saw 13 of its levels.
You also visited: Sewer.

You collected 610 gold pieces.
You spent 147 gold pieces at shops.

Inventory:

Hand Weapons
 a - a +1 hand crossbow (weapon)
 b - a +2 scimitar of flaming
 c - a +0 blowgun
Missiles
 d - 51 bolts (quivered)
 f - 24 bolts of flame
 G - 25 poisoned bolts
 J - 27 silver bolts
 L - 2 javelins
Armour
 e - a +0 cloak (worn)
 w - a +0 pair of gloves (worn)
 y - a +0 buckler (worn)
 X - the +0 leather armour of Exej (worn) {rPois rF+ rN+}
   (You bought it in a shop on level 5 of the Dungeon)

   It protects you from fire.
   It protects you from poison.
   It protects you from negative energy.
 Z - a +1 hat (worn)
Jewellery
 q - a ring of ice (right hand)
 D - an amulet of faith (around neck)
 F - an uncursed ring of positive energy
 M - an uncursed ring of flight
 Y - a ring of protection from fire (left hand)
Wands
 k - a wand of cold (4)
Scrolls
 h - 6 scrolls of teleportation
 i - 3 scrolls of blinking {unknown}
 j - 4 scrolls of fear
 n - 2 scrolls of immolation
 s - 2 scrolls of recharging {unknown}
 u - a scroll of amnesia {unknown}
 A - 8 scrolls of remove curse
 E - a scroll of magic mapping {unknown}
 T - 2 scrolls of fog {unknown}
Potions
 g - a potion of brilliance {unknown}
 r - 9 potions of curing
 I - 5 potions of cancellation
 P - 5 potions of heal wounds
 R - 4 potions of agility
Comestibles
 U - 7 fruits


   Skills:
 - Level 11.2 Fighting
 + Level 13.5 Crossbows
 - Level 2.4 Armour
 + Level 10.2 Dodging
 - Level 0.7 Stealth


You had 10 spell levels left.
You didn't know any spells.

Dungeon Overview and Level Annotations

Branches:
Dungeon (11/15)            Temple (1/1) D:7            Lair (1/8) D:11
    Orc: D:9-12

Altars:
Ashenzari
Cheibriados
Dithmenos
Elyvilon
Fedhas
Gozag
Kikubaaqudgha
Makhleb
Nemelex Xobeh
Okawaru
Qazlal
Ru
Sif Muna
Trog
Vehumet
Xom
Yredelemnul
Zin
The Shining One

Shops:
D:5 [   D:6 [   D:10 %


Innate Abilities, Weirdness & Mutations

You reflexively headbutt those who attack you in melee.
You have a pair of horns on your head.


Message History

* * * LOW HITPOINT WARNING * * *
Firing (i - inventory. (,) - cycle):
d - 54 bolts (quivered)
Press: ? - help, Shift-Dir - straight line, f/p - black mamba
Aim: a black mamba (heavily wounded)
You shoot a bolt. The bolt barely misses the black mamba.
The black mamba closely misses you. The black mamba barely misses you.
Firing (i - inventory. (,) - cycle):
d - 53 bolts (quivered)
Press: ? - help, Shift-Dir - straight line, f/p - black mamba
Aim: a black mamba (heavily wounded)
You shoot a bolt. The bolt barely misses the black mamba.
The black mamba bites you.
* * * LOW HITPOINT WARNING * * *
The black mamba bites you but does no damage.
Firing (i - inventory. (,) - cycle):
d - 52 bolts (quivered)
Press: ? - help, Shift-Dir - straight line, f/p - black mamba
Aim: a black mamba (heavily wounded)
You shoot a bolt. The bolt hits the black mamba.
The black mamba is heavily wounded.
The black mamba bites you!
You die...

###..[..# ..##.r ..#....P#
#...#..
..#....######.....#
.......##.#......##
...#.#...#.#......# .
........#.......##### ..
.#.#.#.#.#.#...##...#.#
#.#.#.........$##....##
.....#.#.#.#.....@S..(#
#.#...#...#..............#
.#.#.#...#..########..#...
..#.....#...# ..# ..
.#.#.#.#.#.## .... .
#.#.#...#.#.# .#..
.#.#.#...#.## .#..
..#.#.#.#... .#.......#.


You could see a black mamba.

Vanquished Creatures
  Erica (D:8)
  2 hill giants
  A cyclops (D:11)
  A spiny frog (Lair:1)
  2 two-headed ogres (D:11)
  2 wraiths
  A spriggan (D:7)
  Eustachio (D:5)
  A wyvern (D:10)
  8 yaks
  A hungry ghost (D:9)
  3 hippogriffs
  2 steam dragons
  2 water moccasins
  A sky beast (D:7)
  A phantom (D:7)
  A black bear (D:10)
  A necrophage (D:7)
  3 ogres
  2 orc warriors
  4 ice beasts
  A crocodile (D:8)
  2 centaurs
  3 big kobolds
  5 giant frogs
  A gnoll sergeant (D:7)
  5 scorpions
  3 wights (D:9)
  3 killer bees (D:9)
  5 crimson imps
  4 jellies
  2 centaur zombies
  3 giant frog zombies
  2 centaur skeletons
  4 giant frog skeletons
  4 hounds
  8 orc priests
  5 iguanas
  6 orc wizards
  12 worker ants
  A killer bee zombie (D:5)
  2 hound skeletons
  10 gnolls
  6 river rats
  14 adders
  2 oozes
  2 shadow imps
  2 adder skeletons
  4 worms
  2 giant geckos
  34 orcs
  10 ball pythons
  10 bats
  14 hobgoblins
  4 jackals
  A quokka (D:4)
  8 giant cockroaches
  A giant cockroach zombie (D:5)
  A giant gecko skeleton (D:4)
  6 giant newts
  6 goblins
  A jackal skeleton (D:6)
  A jackal zombie (D:7)
  25 kobolds
  30 rats
  2 bushes (D:2)
  A plant (D:11)
319 creatures vanquished.

Notes
Turn   | Place    | Note
--------------------------------------------------------------
     0 | D:1      | abixa the Minotaur Hunter began the quest for the Orb.
     0 | D:1      | Reached XP level 1. HP: 18/18 MP: 0/0
   498 | D:1      | Reached XP level 2. HP: 20/25 MP: 1/1
   595 | D:1      | Reached skill level 5 in Crossbows
  1230 | D:2      | Reached XP level 3. HP: 24/30 MP: 2/2
  1930 | D:2      | Reached skill level 6 in Crossbows
  2027 | D:2      | Found a sacrificial altar of Ru.
  2398 | D:2      | Reached XP level 4. HP: 24/37 MP: 3/3
  3276 | D:4      | HP: 1/38 [iguana (8)]
  3277 | D:4      | Reached XP level 5. HP: 1/46 MP: 4/4
  3404 | D:4      | Found a glowing drain.
  3411 | D:4      | Reached skill level 7 in Crossbows
  3507 | Sewer    | Entered a sewer
  3665 | Sewer    | Reached XP level 6. HP: 53/53 MP: 5/5
  3816 | Sewer    | Reached skill level 5 in Fighting
  4344 | D:4      | Noticed an ogre
  4386 | D:4      | Killed an ogre
  4386 | D:4      | Reached skill level 1 in Armour
  4386 | D:4      | Reached XP level 7. HP: 44/61 MP: 6/6
  4829 | D:5      | Entered Level 5 of the Dungeon
  4840 | D:5      | Reached skill level 8 in Crossbows
  4945 | D:5      | Found a bloodstained altar of Trog.
  5122 | D:5      | Found Feobbublaxt's Antique Armour Shop.
  5128 | D:5      | Bought an encrusted leather armour for 147 gold pieces
  5138 | D:5      | Identified the +0 leather armour of Exej {rPois rF+ rN+} (You bought it in a shop on level 5 of the Dungeon)
  5246 | D:5      | Noticed Eustachio
  5267 | D:5      | Killed Eustachio
  5267 | D:5      | Reached XP level 8. HP: 65/71 MP: 7/7
  6049 | D:6      | Reached skill level 9 in Crossbows
  6351 | D:6      | Found Pifyib's Armour Emporium.
  7267 | D:7      | Reached XP level 9. HP: 69/82 MP: 8/8
  7604 | D:7      | Reached skill level 10 in Crossbows
  7843 | D:7      | Reached skill level 5 in Dodging
  7959 | D:7      | Found a staircase to the Ecumenical Temple.
  7964 | Temple   | Entered the Ecumenical Temple
  7970 | Temple   | Became a worshipper of Warmaster Okawaru
  8435 | D:8      | Noticed Erica
  8465 | D:8      | Killed Erica
  8465 | D:8      | Reached * piety under Okawaru
  8465 | D:8      | Reached skill level 10 in Fighting
  8658 | D:8      | Found an opulent altar of Gozag.
  8668 | D:8      | Reached ** piety under Okawaru
  8668 | D:8      | Reached skill level 11 in Crossbows
  8698 | D:8      | Noticed a white ugly thing
  9314 | D:9      | Reached XP level 10. HP: 88/91 MP: 9/9
  9423 | D:9      | Reached *** piety under Okawaru
  9530 | D:9      | Found a white marble altar of Elyvilon.
  9814 | D:9      | Found a sparkling altar of Nemelex Xobeh.
  9995 | D:10     | Entered Level 10 of the Dungeon
 10101 | D:10     | Received a gift from Okawaru
 10173 | D:10     | Reached skill level 12 in Crossbows
 10347 | D:10     | Noticed a hill giant
 10533 | D:10     | Received a gift from Okawaru
 10692 | D:10     | Reached **** piety under Okawaru
 10843 | D:10     | Killed a hill giant
 10920 | D:10     | Found Qunamnen's Food Emporium.
 10944 | D:10     | Reached XP level 11. HP: 97/99 MP: 10/10
 11211 | D:11     | Received a gift from Okawaru
 11211 | D:11     | Reached skill level 13 in Crossbows
 11316 | D:11     | Reached ***** piety under Okawaru
 11582 | D:11     | Noticed a hill giant
 11594 | D:11     | Killed a hill giant
 11599 | D:11     | Received a gift from Okawaru
 11701 | D:11     | Reached skill level 10 in Dodging
 12032 | D:11     | Found a staircase to the Lair.
 12165 | D:11     | Received a gift from Okawaru
 12310 | Lair:1   | Entered Level 1 of the Lair of Beasts
 12705 | Lair:1   | Slain by a black mamba

Action                   |  1- 3 |  4- 6 |  7- 9 | 10-12 || total
-------------------------+-------+-------+-------+-------++-------
Melee: Short sword       |   342 |       |       |       ||   342
       Long sword        |       |   182 |   201 |       ||   383
       Flail             |       |     4 |       |       ||     4
       Scimitar          |       |       |    51 |   233 ||   284
 Fire: Hand crossbow     |     2 |    31 |    64 |   135 ||   232
       Blowgun           |       |     6 |    17 |     1 ||    24
Evoke: Wand              |       |       |     5 |       ||     5
  Use: Scroll            |       |     5 |     8 |     1 ||    14
 Stab: Sleeping          |       |       |       |     3 ||     3
  Eat: Chunk             |     4 |     9 |    16 |    15 ||    44
       Fruit             |       |       |     3 |       ||     3
       Beef jerky        |       |       |     1 |       ||     1
